 Dungeon Crawl Stone Soup version 0.14-a0-1499-g388a102 (webtiles) character file.

2011 Jenx the Conjurer (level 8, -7/41 HPs)
             Began as a Deep Elf Conjurer on Dec 15, 2013.
             Was a Follower of Vehumet.
             Shot with a sling bullet of frost by Joseph (9 damage)
             ... on Level 8 of the Dungeon.
             The game lasted 00:26:41 (7235 turns).

Jenx the Conjurer (Deep Elf Conjurer)               Turns: 7235, Time: 00:26:41

HP  -7/41        AC  4     Str  5      XL: 8   Next: 66%
MP  18/28        EV 13     Int 23      God: Vehumet [*.....]
Gold 374         SH 13     Dex 16      Spells:  5 memorised, 11 levels left

rFire  . . .     SeeInvis .     a - +2,+1 dagger (venom)
rCold  . . .     Clarity  .     z - +0 robe
rNeg   . . .     Conserve .     n - +2 buckler
rPois  .         rCorr    .     A - +0 crested helmet
rElec  .         rRot     .     (no cloak)
SustAb . .       Spirit   .     (no gloves)
rMut   .         Warding  .     g - +0 pair of orc boots
Saprov . . .     Stasis   .     (no amulet)
                                (no ring)
                                C - +1 ring of dexterity

@: somewhat resistant to hostile enchantments, fairly stealthy
A: no striking features
a: Renounce Religion


You were on level 8 of the Dungeon.
You worshipped Vehumet.
Vehumet was aware of your devotion.
You were not hungry.

You visited 2 branches of the dungeon, and saw 9 of its levels.

You collected 374 gold pieces.

Inventory:

Hand weapons
 a - a +2,+1 dagger of venom (weapon)
 h - a cursed +1,+1 falchion of freezing
Armour
 g - a +0 pair of orcish boots (worn)
 n - a +2 buckler (worn)
 z - a +0 robe (worn)
 A - a +0 crested helmet (worn)
Magical devices
 y - a wand of flame (13)
 K - a wand of flame (8)
 M - a wand of lightning (8) {unknown}
Comestibles
 b - 3 bread rations
 o - 4 meat rations
 p - 15 sultanas
 w - a rotting chunk of hound flesh
 G - a honeycomb
 H - a royal jelly
Scrolls
 f - 2 scrolls of amnesia
 i - a scroll of enchant weapon II {unknown}
 k - a scroll of enchant armour {unknown}
 m - 5 scrolls of remove curse
 q - a scroll of fear {unknown}
 s - 2 scrolls of immolation
 t - a scroll of teleportation
 v - a scroll of fog {unknown}
 x - 4 scrolls of enchant weapon I
 D - 4 scrolls of noise {unknown}
 F - a scroll of curse armour {unknown}
 P - a scroll of recharging {unknown}
Jewellery
 C - a +1 ring of dexterity (left hand)
 I - an uncursed ring of flight {unknown}
Potions
 e - 3 potions of might
 j - a potion of cure mutation {unknown}
 l - a potion of invisibility {unknown}
 u - a potion of mutation {unknown}
 E - 2 potions of restore abilities {unknown}
 L - a potion of poison {unknown}
Books
 c - a book of Conjurations

   Spells                             Type                      Level
   *Magic Dart                        Conjuration                  1
   Searing Ray                        Conjuration                  2
   *Dazzling Spray                    Conjuration/Hexes            3
   *Iskenderun's Mystic Blast         Conjuration                  4
   *Iskenderun's Battlesphere         Conjuration/Charms           4
   Fulminant Prism                    Conjuration/Hexes            5
 d - a book of Summonings

   Spells                             Type                      Level
   Abjuration                         Summoning                    3
   Recall                             Summoning/Translocation      3
   Summon Elemental                   Summoning                    4
   Shadow Creatures                   Summoning                    5
   Summon Demon                       Summoning                    5
   Summon Ugly Thing                  Summoning                    6
 N - a book of Debilitation

   Spells                             Type                      Level
   Corona                             Hexes                        1
   Slow                               Hexes                        2
   Inner Flame                        Hexes/Fire                   3
   Enslavement                        Hexes                        4
   Cause Fear                         Hexes                        4
   Leda's Liquefaction                Hexes/Earth                  4


   Skills:
 - Level 2.4 Dodging
 - Level 2.4 Stealth
 + Level 4.4 Shields
 - Level 8.7 Spellcasting
 - Level 9.0 Conjurations


You had 11 spell levels left.
You knew the following spells:

 Your Spells              Type           Power        Failure   Level  Hunger
a - Magic Dart            Conj           ####         1%          1    None
b - Shock                 Conj/Air       ####         1%          1    None
c - Dazzling Spray        Conj/Hex       ####....     3%          3    None
d - Iskenderun's Mystic   Conj           ######..     1%          4    ##.....
e - Iskenderun's Battles  Conj/Chrm      ####....     12%         4    ##.....


Dungeon Overview and Level Annotations

Branches:
Dungeon (8/16)             Temple (1/1) D:6
   Lair: D:8-11

Altars:
Ashenzari
Cheibriados
Elyvilon
Fedhas
Kikubaaqudgha
Makhleb
Okawaru
Sif Muna
Vehumet
Xom
Yredelemnul
the Shining One

Annotations:
D:8 Joseph


Message History

Your battlesphere fires!
The barrage of energy hits Joseph.
Joseph is heavily wounded.
Joseph shoots a sling bullet of frost.
The sling bullet of frost hits you!
* * * LOW HITPOINT WARNING * * *
Drink which item? (? for menu, Esc to quit)
You feel better.
Joseph shoots a sling bullet of frost.
The sling bullet of frost hits you!
* * * LOW HITPOINT WARNING * * *
Drink which item? (? for menu, Esc to quit)
You feel better.
Read which item? (? for menu, Esc to quit)
Okay, then.
Joseph is no longer blind.
Joseph shoots a sling bullet of frost.
The sling bullet of frost hits you!
Your sedimented cyan potion freezes and shatters!
* * * LOW HITPOINT WARNING * * *
You see here a sling bullet of frost.
Joseph shoots a sling bullet of frost.
The sling bullet of frost hits you!
You die...

...............
...........*....
.................
.............?...
........(.........
#####...(@..#####
#.......# #...(..(#
#......@# #.......#
#.......# #.......#
#.......#
#.......################
#.......................
#.......................
#.......................


You could see Joseph.

Vanquished Creatures
  A hungry ghost (D:8)
  A black bear (D:6)
  An orc warrior (D:7)
  A sky beast (D:6)
  Duvessa (D:7)
  A giant frog (D:6)
  5 killer bees
  The ghost of timbw the Skirmisher, a weakling HuFi (D:5)
  3 wights (D:7)
  3 hounds
  Dowan (D:7)
  A crimson imp (D:7)
  2 orc priests
  A giant frog skeleton (D:7)
  A scorpion (D:6)
  5 worker ants
  3 orc wizards
  An ogre zombie (D:6)
  Ijyb (D:6)
  Jessica (D:2)
  A hound skeleton (D:7)
  4 gnolls (D:4)
  4 adders
  An inept item mimic (D:6)
  2 giant mites
  An adder skeleton (D:4)
  A giant eyeball (D:4)
  A giant gecko (D:5)
  3 oozes
  13 orcs
  5 giant cockroaches
  10 goblins
  2 hobgoblins
  15 jackals
  16 bats
  8 giant newts
  A goblin zombie (D:5)
  7 kobolds
  A quokka (D:2)
  A quokka skeleton (D:4)
  12 rats
144 creatures vanquished.

Vanquished Creatures (others)
  5 toadstools (D:1)
5 creatures vanquished.

Grand Total: 149 creatures vanquished

Notes
Turn   | Place    | Note
--------------------------------------------------------------
     0 | D:1      | Jenx, the Deep Elf Conjurer, began the quest for the Orb.
     0 | D:1      | Reached XP level 1. HP: 10/10 MP: 5/5
   297 | D:1      | Reached XP level 2. HP: 15/15 MP: 0/8
   413 | D:1      | Reached skill level 5 in Conjurations
   932 | D:2      | Noticed Jessica
   947 | D:2      | Killed Jessica
   947 | D:2      | Reached XP level 3. HP: 17/19 MP: 1/10
  1421 | D:3      | Learned a level 3 spell: Dazzling Spray
  1432 | D:3      | Reached skill level 6 in Conjurations
  1775 | D:3      | Reached XP level 4. HP: 15/24 MP: 10/13
  1781 | D:3      | Learned a level 4 spell: Iskenderun's Mystic Blast
  2382 | D:4      | Reached skill level 7 in Conjurations
  2382 | D:4      | Reached XP level 5. HP: 28/28 MP: 9/16
  2824 | D:4      | Found a shattered altar of Ashenzari.
  2995 | D:4      | Reached skill level 8 in Conjurations
  3090 | D:4      | Reached XP level 6. HP: 13/32 MP: 1/18
  3543 | D:5      | Entered Level 5 of the Dungeon
  3977 | D:5      | Noticed timbw's ghost (weakling HuFi)
  4002 | D:5      | Killed timbw's ghost
  4563 | D:5      | Found a snail-covered altar of Cheibriados.
  4736 | D:6      | Reached skill level 9 in Conjurations
  4762 | D:6      | Noticed Ijyb
  4768 | D:6      | Killed Ijyb
  4799 | D:6      | Found a glowing golden altar of the Shining One.
  4959 | D:6      | Reached XP level 7. HP: 36/36 MP: 12/21
  5193 | D:6      | Found a staircase to the Ecumenical Temple.
  5243 | Temple   | Entered the Ecumenical Temple
  5257 | Temple   | Became a worshipper of Vehumet
  5433 | D:6      | Reached skill level 5 in Spellcasting
  5621 | D:6      | Learned a level 4 spell: Iskenderun's Battlesphere
  5777 | D:7      | Noticed Duvessa
  5780 | D:7      | Noticed Dowan
  5785 | D:7      | Killed Duvessa
  5804 | D:7      | Killed Dowan
  5831 | D:7      | Got a transparent war axe
  5856 | D:7      | Identified the +0,+1 war axe of Xeetel {pain, *Rage +Rage Str+3 Int+3} (You found it on level 7 of the Dungeon)
  6147 | D:7      | Reached XP level 8. HP: 41/41 MP: 8/27
  6323 | D:7      | Reached skill level 1 in Shields
  6960 | D:7      | Acquired Vehumet's first power
  6960 | D:7      | Offered knowledge of Shock by Vehumet.
  6993 | D:7      | Learned a level 1 spell: Shock
  7208 | D:8      | Noticed Joseph
  7230 | D:8      | HP: 2/41 [Joseph/ sling bullet of frost (16)]
  7235 | D:8      | Shot with a sling bullet of frost by Joseph

Action                   |  1- 3 |  4- 6 |  7- 9 || total
-------------------------+-------+-------+-------++-------
Melee: War axe           |     6 |       |       ||     6
       Whip              |     1 |       |       ||     1
       Hand axe          |    32 |    14 |       ||    46
       Dagger            |       |     2 |     7 ||     9
Throw: Dart              |     7 |     3 |       ||    10
 Cast: Magic Dart        |    62 |   129 |    62 ||   253
       Dazzling Spray    |     1 |    22 |    37 ||    60
       Iskenderun's Myst |       |     8 |     9 ||    17
       Iskenderun's Batt |       |       |     3 ||     3
       Shock             |       |       |     5 ||     5
Evoke: Wand              |       |       |     6 ||     6
  Use: Scroll            |    11 |     2 |     3 ||    16
       Potion            |       |       |     3 ||     3
